[Event "December 5 Early 2023"]
[Site "https://www.chess.com"]
[Date "2023.12.05"]
[Round "11"]
[White "Palmer, Reegan"]
[Black "Mayaud, Raphael"]
[Result "1-0"]
[Board "117"]
[TimeControl "180+1"]
[WhiteFideId "14322145"]
[BlackFideId "627151"]
[WhiteElo "2239"]
[BlackElo "2413"]
[WhiteTeam "RSA"]
[BlackTeam "FRA"]
[WhiteClock "0:00:05"]
[BlackClock "0:00:00"]

1. e4 c5 2. Nf3 e6 3. d3 d5 4. Nbd2 Nc6 5. g3 dxe4 6. dxe4 Nf6 7. c3 Be7 8. Bg2 b6 9. O-O Bb7 10. Qe2 O-O 11. Rd1 Qc7 12. Nc4 Rad8 13. Bf4 Qc8 14. Bd6 Bxd6 15. Nxd6 Qc7 16. Nxb7 Qxb7 17. e5 Nd5 18. c4 Nde7 19. Qe4 Qc7 20. Ng5 g6 21. Qh4 h5 22. f4 Nf5 23. Qh3 Rxd1+ 24. Rxd1 Rd8 25. Rxd8+ Qxd8 26. Bxc6 Qd4+ 27. Kg2 Qxb2+ 28. Kg1 Qxa2 29. Qf1 Qd2 30. Ne4 Qe3+ 31. Qf2 Qc1+ 32. Kg2 Qxc4 33. Qd2 Qd4 34. Qxd4 Nxd4 35. Ba4 b5 36. Bd1 c4 37. Kf2 a5 38. Ke3 c3 39. Kxd4 b4 40. Nc5 g5 41. Kc4 gxf4 42. gxf4 Kg7 43. Kb5 Kg6 44. Kxa5 Kf5 45. Kxb4 Kxf4 46. Kxc3 Kxe5 47. Kd2 Kf4 48. Ke1 h4 49. Kf1 e5 50. Bc2 f5 51. Ne6+ Kg4 52. Kf2 e4 53. Bb1 Kh3 54. Kg1 1-0

[Event "December 5 Early 2023"]
[Site "https://www.chess.com"]
[Date "2023.12.05"]
[Round "11"]
[White "Balla, Tamas-Kristof"]
[Black "Golubenko, Valentina"]
[Result "1-0"]
[Board "118"]
[TimeControl "180+1"]
[WhiteFideId "1208497"]
[BlackFideId "4501993"]
[WhiteElo "2410"]
[BlackElo "2228"]
[WhiteTeam "ROU"]
[BlackTeam "CRO"]
[WhiteClock "0:01:15"]
[BlackClock "0:00:00"]

1. e4 e6 2. d4 d5 3. Nd2 c5 4. exd5 exd5 5. Ngf3 Nf6 6. Bb5+ Bd7 7. Bxd7+ Nbxd7 8. O-O Be7 9. dxc5 Nxc5 10. Nb3 O-O 11. Bg5 Nce4 12. Bh4 Rc8 13. c3 Qb6 14. Bxf6 Nxf6 15. Re1 Bd6 16. Nfd4 a5 17. Nf5 Rfd8 18. Qf3 a4 19. Nbd4 Qxb2 20. Rab1 Qxc3 21. Nxd6 Qxf3 22. gxf3 Rxd6 23. Nf5 Rdd8 24. Ne7+ Kf8 25. Nxc8 Rxc8 26. Rxb7 Nh5 27. Ree7 Rc1+ 28. Kg2 Nf4+ 29. Kg3 Nh5+ 30. Kh4 g6 31. Rxf7+ Ke8 32. Rxh7 Rc4+ 33. Kg5 Rg4+ 34. fxg4 1-0

[Event "December 5 Early 2023"]
[Site "https://www.chess.com"]
[Date "2023.12.05"]
[Round "11"]
[White "Marchesich, Giovanni"]
[Black "Osmonbekov, Talaibek"]
[Result "1-0"]
[Board "119"]
[TimeControl "180+1"]
[WhiteFideId "2824790"]
[BlackFideId "2017253"]
[WhiteElo "2401"]
[BlackElo "2220"]
[WhiteTeam "ITA"]
[BlackTeam "USA"]
[WhiteClock "0:01:40"]
[BlackClock "0:00:00"]

1. e4 c5 2. Nf3 d6 3. d4 cxd4 4. Nxd4 Nf6 5. Nc3 g6 6. g3 Nc6 7. Nde2 Bg4 8. Bg2 Ne5 9. f4 Nc4 10. h3 Bd7 11. b3 Na5 12. O-O Bg7 13. Bb2 O-O 14. Kh2 Rc8 15. Nd5 Nxd5 16. Bxg7 Ne3 17. Qd4 Nxf1+ 18. Bxf1 e5 19. fxe5 Kxg7 20. e6+ Qf6 21. exd7 Rxc2 22. Rd1 Nc6 23. Qxf6+ Kxf6 24. Rxd6+ Ke7 25. Rd3 Rd8 26. Kg1 Rxd7 27. Re3 Rd1 28. Nf4 Rxa2 29. Nd5+ Kd8 30. Rf3 Ne5 31. Rf6 Raa1 32. Ne3 Re1 33. Kf2 Ke7 34. Nd5+ 1-0

[Event "December 5 Early 2023"]
[Site "https://www.chess.com"]
[Date "2023.12.05"]
[Round "11"]
[White "Mushini Ajay"]
[Black "BestestBP"]
[Result "0-1"]
[Board "120"]
[TimeControl "180+1"]
[WhiteFideId "35066188"]
[WhiteElo "2393"]
[BlackElo "2096"]
[WhiteTeam "IND"]
[WhiteClock "0:00:00"]
[BlackClock "0:00:23"]

1. e4 e5 2. Nf3 Nc6 3. Bc4 Nf6 4. d4 exd4 5. e5 d5 6. Bb5 Ne4 7. Nxd4 Bc5 8. O-O O-O 9. Bxc6 bxc6 10. f3 f6 11. e6 Nd6 12. Re1 Re8 13. Nc3 Nf5 14. Ne2 Rxe6 15. c3 Qe8 16. Bf4 Ba6 17. Ng3 Rxe1+ 18. Qxe1 Nxd4 19. cxd4 Bxd4+ 20. Kh1 Bxb2 21. Rb1 Bd3 22. Rd1 Bc2 23. Qxe8+ Rxe8 24. Rf1 Be5 25. Bc1 Bd6 26. f4 d4 27. Bb2 c5 28. Rc1 d3 29. Bc3 c4 30. Bd2 c3 31. Bxc3 Bxf4 32. Rf1 Be5 33. Bd2 c5 34. Nf5 c4 35. h4 c3 36. Be3 d2 0-1

[Event "December 5 Early 2023"]
[Site "https://www.chess.com"]
[Date "2023.12.05"]
[Round "11"]
[White "Martin, Lewis"]
[Black "Latorre, Vincent"]
[Result "0-1"]
[Board "121"]
[TimeControl "180+1"]
[WhiteFideId "410551"]
[BlackFideId "2636891"]
[WhiteElo "2274"]
[BlackElo "2418"]
[WhiteTeam "ENG"]
[BlackTeam "CAN"]
[WhiteClock "0:00:16"]
[BlackClock "0:00:02"]

1. c4 Nf6 2. g3 g6 3. Bg2 Bg7 4. Nc3 O-O 5. e4 d6 6. Nge2 e5 7. O-O a5 8. d3 Nbd7 9. h3 Nc5 10. Be3 Nfd7 11. Qd2 Ne6 12. f4 exf4 13. gxf4 f5 14. exf5 Rxf5 15. Ng3 Rf8 16. f5 gxf5 17. Nxf5 Ne5 18. Be4 Qe8 19. Nd5 Bd7 20. Kh2 Qh5 21. Qg2 Kh8 22. Nxg7 Nxg7 23. Bd4 Ne6 24. Bc3 Rg8 25. Rg1 Rxg2+ 26. Rxg2 Ng5 27. Nf4 Qh6 28. Rag1 Nxh3 29. Ng6+ hxg6 30. Rxg6 Qf4+ 31. Kh1 Nf2+ 32. Kg2 Bh3# 0-1

[Event "December 5 Early 2023"]
[Site "https://www.chess.com"]
[Date "2023.12.05"]
[Round "11"]
[White "Chirivi C, Jenny Astrid"]
[Black "Mickiewicz, Piotr"]
[Result "0-1"]
[Board "122"]
[TimeControl "180+1"]
[WhiteFideId "4403061"]
[BlackFideId "1114891"]
[WhiteElo "2263"]
[BlackElo "2370"]
[WhiteTeam "COL"]
[BlackTeam "POL"]
[WhiteClock "0:00:00"]
[BlackClock "0:00:40"]

1. d4 d5 2. c4 e6 3. Nc3 a6 4. Bf4 dxc4 5. e3 b5 6. Qf3 Ra7 7. h4 Nf6 8. h5 b4 9. Na4 Bb7 10. Qg3 Ne4 11. Qg4 Bc6 12. Nc5 f5 13. Qh3 Bxc5 14. f3 Ng5 15. Qg3 Be7 16. Bxc4 Bd5 17. Bxd5 exd5 18. h6 g6 19. Rc1 Ne6 20. Be5 O-O 21. Nh3 c5 22. Nf4 Nxf4 23. Bxf4 c4 24. Kf2 Nd7 25. Qh3 Nf6 26. g3 a5 27. Be5 a4 28. Ke2 a3 29. Rc2 axb2 30. Rd2 c3 0-1

[Event "December 5 Early 2023"]
[Site "https://www.chess.com"]
[Date "2023.12.05"]
[Round "11"]
[White "Barbot, Pierre"]
[Black "Ernst, Luca"]
[Result "0-1"]
[Board "123"]
[TimeControl "180+1"]
[WhiteFideId "663727"]
[BlackFideId "45117055"]
[WhiteElo "2313"]
[BlackElo "2260"]
[WhiteTeam "FRA"]
[BlackTeam "FRA"]
[WhiteClock "0:00:02"]
[BlackClock "0:00:02"]

1. e4 c5 2. Nc3 Nc6 3. Bb5 Nd4 4. Nf3 a6 5. Bd3 e6 6. O-O Nxf3+ 7. Qxf3 Bd6 8. a4 Qc7 9. h3 Ne7 10. Bc4 Ng6 11. Qh5 Nf4 12. Qf3 Ng6 13. Ba2 Be5 14. d3 b6 15. Be3 Bb7 16. Rfd1 O-O 17. d4 cxd4 18. Bxd4 f5 19. Bxe5 Nxe5 20. Qe3 f4 21. Qd4 f3 22. g3 Bc6 23. b4 Rac8 24. Rab1 Bb7 25. Rb3 Nc4 26. Qxd7 Qxd7 27. Rxd7 Bc6 28. Ra7 Nd2 29. Rb2 Be8 30. Nd1 Bf7 31. Ne3 Nxe4 32. Rxa6 Rfd8 33. Rxb6 Rd2 34. Bb3 Rxf2 35. Rb1 Re2 36. Ng4 Nxg3 37. Bc4 Rg2# 0-1

[Event "December 5 Early 2023"]
[Site "https://www.chess.com"]
[Date "2023.12.05"]
[Round "11"]
[White "Korol, Dimitry"]
[Black "Zoete, Roelant"]
[Result "1-0"]
[Board "124"]
[TimeControl "180+1"]
[WhiteFideId "14108003"]
[BlackFideId "40103269"]
[WhiteElo "2292"]
[BlackElo "2254"]
[WhiteTeam "UKR"]
[BlackTeam "NED"]
[WhiteClock "0:00:08"]
[BlackClock "0:01:31"]

1. d4 d5 2. c4 e6 3. Nc3 Nf6 4. Bg5 Be7 5. cxd5 Nxd5 6. Bxe7 Qxe7 7. e4 Nf6 8. Nf3 O-O 9. Bd3 Nbd7 10. Qe2 c5 11. e5 Nd5 12. Qe4 g6 13. Nxd5 exd5 14. Qxd5 cxd4 15. O-O Rd8 16. Qe4 Rb8 17. Rad1 b6 18. Rfe1 Nc5 19. Qf4 Nxd3 20. Rxd3 Bf5 21. Rxd4 Rxd4 22. Nxd4 Bd3 23. e6 fxe6 24. Qxb8+ Kg7 25. Qe5+ Kh6 26. Qe3+ Kg7 27. Qxd3 e5 28. Qe3 Qd7 29. Qxe5+ Kh6 30. h3 b5 31. b3 a5 32. Nf3 a4 33. Qg5+ Kg7 34. Re7+ Kh8 35. Qf6+ Kg8 36. Qg7# 1-0

[Event "December 5 Early 2023"]
[Site "https://www.chess.com"]
[Date "2023.12.05"]
[Round "11"]
[White "NastyaHn"]
[Black "Cardozo Munar, Carlos Eduardo"]
[Result "1-0"]
[Board "125"]
[TimeControl "180+1"]
[BlackFideId "4409477"]
[WhiteElo "2222"]
[BlackElo "2275"]
[BlackTeam "COL"]
[WhiteClock "0:01:23"]
[BlackClock "0:01:20"]

1. Nc3 Nf6 2. Nf3 g6 3. e4 Bg7 4. e5 Ng8 5. d4 d6 6. Bc4 dxe5 7. Nxe5 e6 8. Be3 Ne7 9. h4 b6 10. h5 Bb7 11. hxg6 hxg6 12. Rxh8+ Bxh8 13. Qg4 Nd7 14. Nxf7 Qc8 15. Nxh8 Nf6 16. Qh4 Neg8 17. Nxg6 Bxg2 18. Nf4 Bd5 19. Bxd5 exd5 20. Ncxd5 Nxd5 21. Nxd5 Qd7 22. Qe4+ Kf7 23. Qh7+ Ke8 24. Nxc7+ 1-0

[Event "December 5 Early 2023"]
[Site "https://www.chess.com"]
[Date "2023.12.05"]
[Round "11"]
[White "Yushko, Olga"]
[Black "Colonetti, Fabio"]
[Result "0-1"]
[Board "126"]
[TimeControl "180+1"]
[WhiteFideId "14114500"]
[BlackFideId "897612"]
[WhiteElo "2131"]
[BlackElo "2275"]
[WhiteTeam "UKR"]
[BlackTeam "ITA"]
[WhiteClock "0:00:20"]
[BlackClock "0:00:36"]

1. d4 Nf6 2. c4 e6 3. Nc3 Bb4 4. Qc2 d5 5. cxd5 exd5 6. Nf3 O-O 7. Bg5 h6 8. Bh4 g5 9. Bg3 Ne4 10. e3 h5 11. h4 Nxg3 12. fxg3 g4 13. Ne5 Qf6 14. Bd3 Nd7 15. Rf1 Qh6 16. Rf4 Nxe5 17. dxe5 c5 18. Kf2 f6 19. exf6 Be6 20. Kg1 Rxf6 21. Raf1 Raf8 22. Ne2 c4 23. Bh7+ Kg7 24. Nd4 Rxf4 25. exf4 Bc5 26. Kh2 Bxd4 27. f5 Bd7 28. Bg6 Qe3 29. Bxh5 Bxf5 30. Qd1 Be5 31. Qxd5 Qxg3+ 32. Kg1 Qh2+ 33. Kf2 Be4+ 0-1

[Event "December 5 Early 2023"]
[Site "https://www.chess.com"]
[Date "2023.12.05"]
[Round "11"]
[White "Kononenko, Dmitry"]
[Black "Vanek, Tomas"]
[Result "1-0"]
[Board "127"]
[TimeControl "180+1"]
[WhiteFideId "14113538"]
[BlackFideId "313459"]
[WhiteElo "2559"]
[BlackElo "2156"]
[WhiteTeam "UKR"]
[BlackTeam "CZE"]
[WhiteClock "0:00:49"]
[BlackClock "0:00:04"]

1. e4 c5 2. b4 cxb4 3. a3 b3 4. cxb3 Nc6 5. Bb2 d6 6. Nf3 Nf6 7. Nc3 Bg4 8. Be2 Rc8 9. O-O Bxf3 10. Bxf3 Nd4 11. Nd5 Nxf3+ 12. Qxf3 Nxd5 13. exd5 Qd7 14. Rfe1 h5 15. Rac1 Rh6 16. Rxc8+ Qxc8 17. Qe3 Rg6 18. Qxa7 Rg5 19. Rc1 Rxg2+ 20. Kxg2 Qg4+ 21. Kf1 Qh3+ 22. Ke1 f5 23. Qa4+ Kf7 24. Qf4 g6 25. Rc3 Qg2 26. Rg3 Qxd5 27. Qc4 e6 28. Qxd5 exd5 29. Rc3 Ke6 30. Rc7 f4 31. Rxb7 Bh6 32. h4 f3 33. a4 Kf5 34. a5 Kg4 35. Bf6 d4 36. a6 Kh3 37. a7 Kg2 38. a8=Q Bxd2+ 39. Kxd2 1-0

[Event "December 5 Early 2023"]
[Site "https://www.chess.com"]
[Date "2023.12.05"]
[Round "11"]
[White "Dyulgerov, Volen"]
[Black "Lopusiewicz, Piotr"]
[Result "0-1"]
[Board "128"]
[TimeControl "180+1"]
[WhiteFideId "2918978"]
[BlackFideId "1116029"]
[WhiteElo "2249"]
[BlackElo "2403"]
[WhiteTeam "BUL"]
[BlackTeam "POL"]
[WhiteClock "0:00:14"]
[BlackClock "0:01:54"]

1. e4 e5 2. d4 exd4 3. c3 d5 4. e5 c5 5. Nf3 Nc6 6. cxd4 Bg4 7. Nc3 cxd4 8. Nb5 Bb4+ 9. Bd2 Bxd2+ 10. Qxd2 Bxf3 11. Nd6+ Kf8 12. gxf3 Nxe5 13. Qb4 Qe7 14. O-O-O Rd8 15. Re1 Rxd6 16. Kb1 Re6 17. Qxd4 Nc6 18. Rxe6 Nxd4 19. Rxe7 Nxe7 0-1

[Event "December 5 Early 2023"]
[Site "https://www.chess.com"]
[Date "2023.12.05"]
[Round "11"]
[White "Zampronha, Wladimir Camilo"]
[Black "Borawski, Jakub"]
[Result "1-0"]
[Board "129"]
[TimeControl "180+1"]
[WhiteFideId "2103087"]
[BlackFideId "1143000"]
[WhiteElo "2359"]
[BlackElo "2237"]
[WhiteTeam "BRA"]
[BlackTeam "POL"]
[WhiteClock "0:00:20"]
[BlackClock "0:00:00"]

1. e4 e5 2. Nf3 Nc6 3. d4 exd4 4. Nxd4 Bc5 5. Be3 Qf6 6. c3 Nge7 7. Bc4 b6 8. O-O Bb7 9. f4 O-O-O 10. e5 Qh6 11. Qd2 Bxd4 12. cxd4 Nf5 13. Bxf7 Nce7 14. Nc3 Nxe3 15. Qxe3 Rhf8 16. Bb3 Nf5 17. Qd2 Qg6 18. d5 Nh4 19. Kh1 Rde8 20. Rae1 Nf5 21. Bc2 Qh5 22. Bxf5 Rxf5 23. Qf2 Ref8 24. Qg3 Qh6 25. e6 dxe6 26. dxe6 Qf6 27. h3 Re8 28. Re3 Rxe6 29. Rxe6 Qxe6 30. Qxg7 Kb8 31. Qh8+ Bc8 32. Qxh7 a6 33. Qh4 Qc4 34. Qf2 Bb7 35. Kh2 Rf8 36. Nd1 Qxa2 37. Ne3 Rg8 38. Ng4 a5 39. f5 a4 40. f6 Rf8 41. Ne5 Qe6 42. Qf4 Qd5 43. Rf2 b5 44. f7 Qe6 45. h4 Ka8 46. h5 c5 47. Ng6 1-0

[Event "December 5 Early 2023"]
[Site "https://www.chess.com"]
[Date "2023.12.05"]
[Round "11"]
[White "Spichkin, Alexander"]
[Black "Rodriguez Avila, Alvaro"]
[Result "1-0"]
[Board "130"]
[TimeControl "180+1"]
[WhiteFideId "4144074"]
[BlackFideId "24570249"]
[WhiteElo "2340"]
[BlackElo "2233"]
[WhiteTeam "RUS"]
[BlackTeam "ESP"]
[WhiteClock "0:02:13"]
[BlackClock "0:01:06"]

1. f4 Nh6 2. Nf3 d5 3. b3 c5 4. Bb2 Nc6 5. e3 a6 6. Bb5 axb5 7. O-O Bg4 8. Qe1 e6 9. Ne5 Nxe5 10. Bxe5 Bf5 11. d3 Ng4 12. Bb2 Nf6 13. Nd2 Bg6 14. e4 Be7 15. f5 exf5 16. exf5 Bh5 17. Bxf6 gxf6 18. Qh4 Bg6 19. fxg6 hxg6 20. Qxh8+ 1-0

[Event "December 5 Early 2023"]
[Site "https://www.chess.com"]
[Date "2023.12.05"]
[Round "11"]
[White "Chemin, Justo Reinaldo"]
[Black "Buscar, Michael"]
[Result "0-1"]
[Board "131"]
[TimeControl "180+1"]
[WhiteFideId "2101580"]
[BlackFideId "2603616"]
[WhiteElo "2222"]
[BlackElo "2339"]
[WhiteTeam "BRA"]
[BlackTeam "CAN"]
[WhiteClock "0:00:00"]
[BlackClock "0:00:27"]

1. d4 d5 2. Nf3 e6 3. Bf4 c5 4. e3 cxd4 5. exd4 Nc6 6. c3 Nf6 7. Nbd2 Bd6 8. Bg3 O-O 9. Bd3 Ne7 10. Qe2 Ng6 11. Ne5 Qc7 12. h4 Ne7 13. h5 Nd7 14. h6 g6 15. f4 f6 16. Nxg6 Nxg6 17. Qxe6+ Rf7 18. Bxg6 Nf8 19. Bxf7+ Qxf7 20. Qxd6 Bg4 21. Kf2 Ng6 22. f5 Ne7 23. Qf4 Bxf5 24. Nf3 Rf8 25. Rhe1 Be4 26. Rxe4 dxe4 27. Qxe4 Nd5 28. Re1 Qh5 29. Qe6+ Kh8 30. Rh1 Qxh1 31. Qxd5 Qb1 32. Qb3 Qg6 33. d5 Rg8 34. c4 Qxg3+ 35. Ke3 Re8+ 36. Kd4 Qf2+ 37. Kc3 Re3+ 38. Kb4 Rxb3+ 39. axb3 Qxg2 40. Nd4 Qd2+ 41. Kc5 b6+ 42. Kd6 Qxd4 0-1

[Event "December 5 Early 2023"]
[Site "https://www.chess.com"]
[Date "2023.12.05"]
[Round "11"]
[White "Michalski, Olaf"]
[Black "IranianCheetah"]
[Result "0-1"]
[Board "132"]
[TimeControl "180+1"]
[WhiteFideId "1106740"]
[WhiteElo "2193"]
[BlackElo "2318"]
[WhiteTeam "POL"]
[WhiteClock "0:00:15"]
[BlackClock "0:00:20"]

1. d4 d5 2. c4 c6 3. cxd5 cxd5 4. Nc3 Nf6 5. Nf3 Nc6 6. Bf4 a6 7. e3 Bg4 8. h3 Bh5 9. Qb3 Ra7 10. Ne5 e6 11. Nxc6 bxc6 12. Bb8 Ra8 13. Be5 Nd7 14. Bg3 c5 15. Qb7 c4 16. Be2 Bxe2 17. Kxe2 Be7 18. b3 Qc8 19. Qxc8+ Rxc8 20. bxc4 Rxc4 21. Kd3 O-O 22. a4 Rfc8 23. Rhc1 Bb4 24. Ne2 Rxc1 25. Rxc1 Rxc1 26. Nxc1 Nb6 27. Na2 Be1 28. Ke2 Ba5 29. Bc7 Kf8 30. Kd3 Ke8 31. Bxb6 Bxb6 32. Nb4 a5 33. Nc2 Kd7 34. Na3 Bc7 35. Nb5 Bb8 36. Ke2 e5 37. dxe5 Bxe5 38. Kd3 Kc6 39. f4 Bf6 40. g4 Kc5 41. g5 Ba1 42. e4 dxe4+ 43. Kxe4 Kb4 44. Nd6 f6 45. gxf6 Bxf6 46. Ne8 Kxa4 47. Nxf6 gxf6 48. Kf5 Kb3 49. Kxf6 a4 50. Kg7 a3 51. f5 a2 52. f6 a1=Q 53. Kxh7 Qxf6 0-1

[Event "December 5 Early 2023"]
[Site "https://www.chess.com"]
[Date "2023.12.05"]
[Round "11"]
[White "Shapiro, Daniel"]
[Black "Ghosh, Chanchal Kumer"]
[Result "0-1"]
[Board "133"]
[TimeControl "180+1"]
[WhiteFideId "2001780"]
[BlackFideId "10201858"]
[WhiteElo "2303"]
[BlackElo "2079"]
[WhiteTeam "USA"]
[BlackTeam "BAN"]
[WhiteClock "0:01:23"]
[BlackClock "0:01:32"]

1. d4 d5 2. c4 e6 3. Nf3 Nf6 4. g3 c6 5. Qc2 Nbd7 6. Bg2 Bd6 7. Nbd2 O-O 8. O-O e5 9. cxd5 cxd5 10. dxe5 Nxe5 11. b3 Bg4 12. Bb2 Re8 13. Rad1 Qe7 14. Nd4 Rac8 15. Qb1 Qd7 16. f3 Bh3 17. Rc1 a6 18. Rfd1 Bxg2 19. Kxg2 Ng6 20. Qd3 Nh5 21. e4 Nhf4+ 0-1

[Event "December 5 Early 2023"]
[Site "https://www.chess.com"]
[Date "2023.12.05"]
[Round "11"]
[White "Smirnov, Timofey"]
[Black "Sarkar, Justin"]
[Result "0-1"]
[Board "134"]
[TimeControl "180+1"]
[WhiteFideId "24176427"]
[BlackFideId "2010011"]
[WhiteElo "2059"]
[BlackElo "2284"]
[WhiteTeam "RUS"]
[BlackTeam "USA"]
[WhiteClock "0:00:03"]
[BlackClock "0:00:03"]

1. d4 d5 2. Bf4 e6 3. e3 c5 4. c3 Nc6 5. Nd2 Bd6 6. Bg3 Nge7 7. Ngf3 Nf5 8. dxc5 Nxg3 9. hxg3 Bxc5 10. Bd3 g6 11. Nb3 Be7 12. Nfd4 Bd7 13. Qf3 Ne5 14. Qe2 Nxd3+ 15. Qxd3 e5 16. Ne2 Bc6 17. O-O-O a5 18. Nd2 a4 19. Rh2 Qa5 20. Re1 Qa6 21. Qc2 Bb5 22. Nf1 Bd3 23. Qd2 Rc8 24. g4 a3 25. b3 O-O 26. Nfg3 d4 27. c4 Bxc4 28. bxc4 Qxc4+ 29. Kb1 d3 30. Nc1 Qc2+ 31. Qxc2 dxc2+ 32. Ka1 Bb4 33. Nge2 Bxe1 34. Rh1 Rfd8 35. Rxe1 Rd1 36. Rg1 Rcd8 37. f3 g5 38. g3 Kf8 39. e4 Ke8 40. f4 f6 41. fxg5 fxg5 42. Rg2 Re1 43. Rf2 Rdd1 44. Rh2 Rxc1+ 45. Nxc1 Rxc1# 0-1

[Event "December 5 Early 2023"]
[Site "https://www.chess.com"]
[Date "2023.12.05"]
[Round "11"]
[White "Tilahun , Abel Mathewos"]
[Black "De Souza, Cristiano Gomes"]
[Result "1-0"]
[Board "135"]
[TimeControl "180+1"]
[WhiteFideId "15702391"]
[BlackFideId "2151758"]
[WhiteElo "2024"]
[BlackElo "2257"]
[WhiteTeam "ETH"]
[BlackTeam "BRA"]
[WhiteClock "0:02:37"]
[BlackClock "0:02:30"]

1. d4 Nf6 2. c4 g6 3. Nc3 Bg7 4. e4 d6 5. f3 O-O 6. Be3 Nc6 7. Nge2 e5 8. d5 Nd4 9. Nxd4 exd4 10. Bxd4 c6 11. Qd2 cxd5 12. cxd5 a6 13. O-O-O b5 14. Kb1 b4 15. Na4 a5 16. Bb5 Bd7 17. Bxd7 Nxd7 18. Bxg7 Kxg7 19. Qd4+ Kg8 20. h4 h5 21. g4 hxg4 22. h5 g5 23. h6 Kh7 24. Qg7# 1-0

[Event "December 5 Early 2023"]
[Site "https://www.chess.com"]
[Date "2023.12.05"]
[Round "11"]
[White "Viskelis, Darius"]
[Black "Osiecki, Stanislaw"]
[Result "1-0"]
[Board "136"]
[TimeControl "180+1"]
[WhiteFideId "12800830"]
[BlackFideId "1102990"]
[WhiteElo "2350"]
[BlackElo "2119"]
[WhiteTeam "LTU"]
[BlackTeam "POL"]
[WhiteClock "0:01:27"]
[BlackClock "0:00:00"]

1. e4 e6 2. d4 d5 3. e5 c5 4. c3 Nc6 5. Nf3 Qb6 6. Bd3 cxd4 7. cxd4 Nb4 8. Be2 Bd7 9. Nc3 Ne7 10. O-O Nf5 11. Be3 Be7 12. Rc1 O-O 13. a3 Nc6 14. b4 Rfc8 15. Bd3 Nxe3 16. fxe3 Qd8 17. Qe1 Bg5 18. h4 Bh6 19. g4 g6 20. g5 Bg7 21. Nh2 Be8 22. Ng4 Ne7 23. Nf6+ Bxf6 24. gxf6 Nf5 25. Bxf5 exf5 26. Qf2 h6 27. Qf3 Bc6 28. b5 Bd7 29. Qxd5 Be6 30. Qf3 Rc4 31. d5 Rac8 32. dxe6 Rxc3 33. exf7+ Kxf7 34. Rxc3 Rxc3 35. Qxb7+ Rc7 36. Qf3 Qd2 37. h5 1-0

[Event "December 5 Early 2023"]
[Site "https://www.chess.com"]
[Date "2023.12.05"]
[Round "11"]
[White "Pertinez Soria, Juan Luis"]
[Black "Vifleemskaia, Svetlana"]
[Result "1-0"]
[Board "137"]
[TimeControl "180+1"]
[WhiteFideId "2225620"]
[BlackFideId "4129490"]
[WhiteElo "2165"]
[BlackElo "2248"]
[WhiteTeam "ESP"]
[BlackTeam "RUS"]
[WhiteClock "0:00:47"]
[BlackClock "0:00:00"]

1. e4 e5 2. Nf3 Nc6 3. Bb5 a6 4. Ba4 Bc5 5. c3 Nge7 6. O-O b5 7. Bc2 d6 8. d4 exd4 9. cxd4 Bb6 10. a4 Bb7 11. Nc3 b4 12. Nd5 Ba7 13. Re1 O-O 14. Bg5 f6 15. Be3 Nxd5 16. exd5 Ne7 17. Bb3 Bxd5 18. Rc1 Rb8 19. Bxd5+ Nxd5 20. Qb3 Kh8 21. Qxd5 Qd7 22. Rc6 Rb6 23. Rec1 Rc8 24. b3 g6 25. h3 Kg7 26. Nd2 h5 27. a5 Rb5 28. Qf3 Rxa5 29. d5 Bxe3 30. fxe3 Ra2 31. Ne4 Qe7 32. Nxf6 Rd2 33. Ne4 Rd3 34. h4 Rxd5 35. Ng5 Rf5 36. Qg3 Re5 37. e4 a5 38. Qf2 Qd7 39. Qd4 Kg8 40. Qc4+ Kg7 41. Rxc7 Rxc7 42. Qxc7 Qxc7 43. Rxc7+ Kg8 44. Rd7 a4 45. bxa4 b3 46. Rb7 Ra5 47. Rxb3 Rxa4 48. Rb7 Rd4 49. Rd7 1-0

[Event "December 5 Early 2023"]
[Site "https://www.chess.com"]
[Date "2023.12.05"]
[Round "11"]
[White "Fernandez Hernandez, Gerardo"]
[Black "Nikulina, Alena"]
[Result "0-1"]
[Board "138"]
[TimeControl "180+1"]
[WhiteFideId "2207400"]
[BlackFideId "4172051"]
[WhiteElo "2213"]
[BlackElo "2032"]
[WhiteTeam "ESP"]
[BlackTeam "RUS"]
[WhiteClock "0:00:00"]
[BlackClock "0:00:06"]

1. e4 c5 2. d3 g6 3. g3 Bg7 4. Bg2 e6 5. f4 Ne7 6. Nf3 O-O 7. O-O d5 8. c3 Nbc6 9. Be3 b6 10. e5 Bb7 11. d4 cxd4 12. cxd4 Rc8 13. Nc3 a6 14. Rc1 b5 15. Qd2 Na5 16. b3 b4 17. Na4 Nac6 18. Nc5 Rb8 19. Rc2 Re8 20. Rfc1 Bf8 21. Nxb7 Rxb7 22. Rxc6 Nxc6 23. Rxc6 a5 24. Bf1 Rc7 25. Qc2 Ree7 26. Rxc7 Rxc7 27. Qd2 Rc3 28. Bd3 Qc7 29. Qe2 Be7 30. Bd2 Rc6 31. Bb5 Rc2 32. Bd3 Rc6 33. g4 Qb6 34. f5 exf5 35. gxf5 Bf8 36. Qg2 Kh8 37. e6 fxe6 38. fxg6 e5 39. gxh7 Bg7 40. Be3 e4 41. Ne5 Rc8 42. Nf7+ Kxh7 43. Bxe4+ dxe4 44. Qh3+ Kg8 45. Qxc8+ Kxf7 46. Qd7+ Kg8 47. Qd5+ Kh8 48. Qxe4 Qf6 49. d5 Qa1+ 50. Kg2 Qxa2+ 51. Kh3 Qxb3 52. Qe8+ Kh7 53. Qh5+ Kg8 54. Qf3 a4 55. d6 Qe6+ 0-1

[Event "December 5 Early 2023"]
[Site "https://www.chess.com"]
[Date "2023.12.05"]
[Round "11"]
[White "Mende, Andreas"]
[Black "Fakhretdinova, Margarita"]
[Result "1-0"]
[Board "139"]
[TimeControl "180+1"]
[WhiteFideId "4631102"]
[BlackFideId "24103667"]
[WhiteElo "2091"]
[BlackElo "2272"]
[WhiteTeam "GER"]
[BlackTeam "RUS"]
[WhiteClock "0:00:25"]
[BlackClock "0:00:00"]

1. c4 c5 2. g3 Nc6 3. Bg2 e6 4. Nf3 Nge7 5. O-O g6 6. d4 cxd4 7. Nxd4 Bg7 8. Nb5 O-O 9. Nd6 Nf5 10. c5 b6 11. e4 Nfd4 12. cxb6 Qxb6 13. Nc3 Ba6 14. Re1 Qc7 15. e5 Bxe5 16. Rxe5 Qxd6 17. Re1 Ne2+ 18. Nxe2 Qxd1 19. Rxd1 Bxe2 20. Rxd7 Ne5 21. Rd2 Nf3+ 22. Bxf3 Bxf3 23. Rd3 Bd5 24. Bh6 Rfc8 25. b3 Rc2 26. Rd2 Rac8 27. Rad1 f5 28. Be3 Rxd2 29. Bxd2 Rc2 30. Be3 Rxa2 31. b4 Kf7 32. h4 h5 33. Rc1 Kf6 34. Bc5 Ke5 35. Re1+ Kf6 36. Bd4+ Kf7 37. Bc5 Rc2 38. Bd4 Bc4 39. Bc5 Bd5 40. Bxa7 Rb2 41. Bc5 Ke8 42. Kh2 Kd7 43. Kg1 Kc6 44. Rd1 Bf3 45. Rc1 Kd5 46. Be7 Ke4 47. Bd6 Kd3 48. Re1 1-0

[Event "December 5 Early 2023"]
[Site "https://www.chess.com"]
[Date "2023.12.05"]
[Round "11"]
[White "Clawitter, Craig"]
[Black "Mangialardo, Tiago Carvalho"]
[Result "1-0"]
[Board "140"]
[TimeControl "180+1"]
[WhiteFideId "2023105"]
[BlackFideId "2130718"]
[WhiteElo "2225"]
[BlackElo "2086"]
[WhiteTeam "USA"]
[BlackTeam "BRA"]
[WhiteClock "0:00:14"]
[BlackClock "0:00:04"]

1. e4 Nf6 2. e5 Nd5 3. d4 d6 4. Nf3 Nc6 5. Bc4 Nb6 6. Bb3 dxe5 7. d5 Na5 8. Nxe5 Nxb3 9. axb3 Qxd5 10. Qe2 f6 11. Nf3 e5 12. O-O Bg4 13. Nbd2 Bc5 14. Ne4 Be7 15. Rd1 Qe6 16. Be3 Qf5 17. Bxb6 cxb6 18. Nd6+ Bxd6 19. Rxd6 Bxf3 20. Qxf3 Qxf3 21. gxf3 Ke7 22. Rd3 Rhd8 23. Rxd8 Kxd8 24. Kg2 a6 25. Ra4 b5 26. Rh4 h6 27. f4 exf4 28. Rxf4 Ke7 29. h4 Rd8 30. c4 b4 31. c5 a5 32. h5 Rd3 33. Rf5 Rxb3 34. c6 bxc6 35. Rxa5 Rxb2 36. Ra7+ Kd6 37. Rxg7 c5 38. Rg6 Ke5 39. Rxh6 c4 40. Rh8 c3 41. h6 c2 42. Rc8 b3 43. h7 Rb1 44. h8=Q c1=Q 45. Qe8+ Kd4 46. Rxc1 Rxc1 47. Qe3+ Kc4 48. Qxc1+ Kb4 49. Qb2 1-0